[Event "120th Taflfelag Reykjavik-A 2020"]
[Site "Reykjavik"]
[Date "2020.10.02"]
[Round "9.1"]
[White "Gretarsson, Helgi Ass"]
[Black "Gretarsson, Hjorvar Steinn"]
[Result "1/2-1/2"]
[ECO "E21"]
[WhiteElo "2401"]
[BlackElo "2579"]
[Annotator "ChessBase"]
[PlyCount "176"]
[EventDate "2020.09.13"]
[EventType "tourn"]
[EventCountry "ISL"]
[SourceTitle "playchess.com"]
[Source "ChessBase"]
[SourceQuality "1"]
[TimeControl "40/5400+15:1800+30"]

1. d4 Nf6 2. c4 e6 3. Nc3 Bb4 4. e3 O-O 5. Bd2 b6 6. Nf3 Bb7 7. Bd3 d6 8. O-O Nbd7 9. a3 Bxc3 10. Bxc3 c5 11. b3 Qe7 12. Nd2 d5 13. Qc2 e5 14. Rfe1 Rfe8 15. cxd5 cxd4 16. exd4 Rac8 17. Nc4 e4 18. Qd2 Bxd5 19. Bb4 Qd8 20. Bf1 a5 21. Bd6 a4 22. Qb4 axb3 23. Ne3 Nb8 24. Be5 Nc6 25. Bxf6 Qxf6 26. Nxd5 Qg5 27. Qc4 b2 28. Rab1 Ne5 29. dxe5 Rxc4 30. Bxc4 Qxe5 31. a4 Rc8 32. Ne3 Qc3 33. g3 h5 34. h4 Rxc4 35. Nxc4 Qxc4 36. Rxb2 e3 37. fxe3 Qg4 38. Kh2 Qxa4 39. Rxb6 Qc2+ 40. Kg1 Qc7 41. Rb4 Qxg3+ 42. Kf1 Qf3+ 43. Kg1 g5 44. hxg5 h4 45. Rb2 Qg3+ 46. Kf1 h3 47. Ree2 Kg7 48. Rf2 Qxe3 49. Kg1 Qg3+ 50. Kh1 Kg6 51. Rbe2 Qc7 52. Rf3 Kxg5 53. Rxh3 Kg4 54. Rhe3 f5 55. Rg2+ Kf4 56. Ree2 Qc3 57. Kh2 Qh8+ 58. Kg1 Qd4+ 59. Kf1 Qd1+ 60. Kf2 Qc1 61. Rg3 Qh1 62. Rb2 Qe4 63. Rbb3 Qc2+ 64. Ke1 Qc1+ 65. Ke2 Qc4+ 66. Kf2 Qc5+ 67. Ke2 Ke5 68. Rgc3 Qa5 69. Re3+ Kf6 70. Red3 f4 71. Rdc3 Kg5 72. Kd1 Kg4 73. Ra3 Qb4 74. Kc2 Qe4+ 75. Kd2 Qb1 76. Ke2 Qb5+ 77. Kf2 Qe5 78. Rcb3 Qe4 79. Rc3 Qd4+ 80. Kf1 Kf5 81. Rcb3 Ke4 82. Rc3 Qd1+ 83. Kf2 Qd2+ 84. Kf1 Qb2 85. Rcb3 Qc1+ 86. Kf2 Qc2+ 87. Kf1 Qd1+ 88. Kf2 Qc2+ 1/2-1/2

[Event "120th Taflfelag Reykjavik-A 2020"]
[Site "Reykjavik"]
[Date "2020.10.02"]
[Round "9.2"]
[White "Sigfusson, Sigurdur"]
[Black "Kjartansson, Gudmundur"]
[Result "1/2-1/2"]
[ECO "B72"]
[WhiteElo "2276"]
[BlackElo "2466"]
[Annotator "ChessBase"]
[PlyCount "166"]
[EventDate "2020.09.13"]
[EventType "tourn"]
[EventCountry "ISL"]
[SourceTitle "playchess.com"]
[Source "ChessBase"]
[SourceQuality "1"]
[TimeControl "40/5400+15:1800+30"]

1. e4 c5 2. Nf3 Nc6 3. d4 cxd4 4. Nxd4 Nf6 5. Nc3 d6 6. h3 g6 7. Be3 Bg7 8. Bc4 O-O 9. Bb3 Na5 10. O-O b6 11. Qd2 Bb7 12. f3 Qc8 13. Bh6 Bxh6 14. Qxh6 Nc4 15. Bxc4 Qxc4 16. Rad1 a6 17. Rf2 b5 18. Nce2 Ne8 19. Ng3 Ng7 20. f4 Qc7 21. Rd3 e5 22. Ngf5 Ne8 23. fxe5 dxe5 24. Ne6 fxe6 25. Ne7+ Qxe7 26. Rd7 Rxf2 27. Rxe7 Rf7 28. Rxe6 Nf6 29. Rxe5 Nxe4 30. Qe3 Nf6 31. Re7 Raf8 32. Rxf7 Rxf7 33. Qe6 Nd5 34. Qe8+ Kg7 35. Qe5+ Rf6 36. a4 bxa4 37. c4 Nf4 38. Qe7+ Rf7 39. Qe5+ Kh6 40. h4 Rf5 41. Qe3 Bxg2 42. Kh2 Kh5 43. Kg3 Bf1 44. c5 Bb5 45. Qf3+ Kh6 46. Qe3 Rf6 47. Kg4 Bd7+ 48. Kg3 Bc6 49. Kg4 Bb5 50. Kg3 Rf5 51. Kg4 Kg7 52. Qe7+ Kg8 53. Qd8+ Rf8 54. Qd6 Be2+ 55. Kg3 Nh5+ 56. Kh2 Rf2+ 57. Kg1 Rf1+ 58. Kh2 Rf2+ 59. Kg1 Rf1+ 60. Kh2 Bg4 61. c6 Bc8 62. Qd4 Rf4 63. Qd5+ Kg7 64. Qe5+ Kg8 65. Qd5+ Rf7 66. Qd8+ Rf8 67. Qd5+ Kg7 68. Qe5+ Nf6 69. Kg1 Bf5 70. c7 Kf7 71. Qc5 Rc8 72. Qc4+ Be6 73. Qxa6 Rxc7 74. Qxa4 Rc4 75. b4 Rxh4 76. Qa7+ Bd7 77. b5 Ke6 78. Qb6+ Kf7 79. Qa7 Rg4+ 80. Kf1 Rf4+ 81. Kg1 Rg4+ 82. Kf1 Rf4+ 83. Kg1 Rg4+ 1/2-1/2

[Event "120th Taflfelag Reykjavik-A 2020"]
[Site "Reykjavik"]
[Date "2020.10.03"]
[Round "9.3"]
[White "Kjartansson, David"]
[Black "Thorfinnsson, Bragi"]
[Result "0-1"]
[ECO "E91"]
[WhiteElo "2338"]
[BlackElo "2427"]
[Annotator "ChessBase"]
[PlyCount "65"]
[EventDate "2020.09.13"]
[EventType "tourn"]
[EventCountry "ISL"]
[SourceTitle "playchess.com"]
[Source "ChessBase"]
[SourceQuality "1"]
[TimeControl "40/5400+15:1800+30"]

1. d4 Nf6 2. c4 g6 3. Nc3 Bg7 4. e4 O-O 5. Nf3 c5 6. Be2 d6 7. O-O Na6 8. d5 Nc7 9. h3 e6 10. Re1 a6 11. a4 e5 12. Bg5 h6 13. Be3 Bd7 14. Rb1 a5 15. Nd2 Na6 16. Nb5 Bxb5 17. cxb5 Nb4 18. Rc1 Nd7 19. Nc4 Nb6 20. Nxb6 Qxb6 21. Qd2 Kh7 22. Bf3 f5 23. Qe2 Qd8 24. Bd2 Qh4 25. Qc4 Bf6 26. Bxb4 axb4 27. b3 Bg5 28. Rc2 b6 29. Kh2 Bd8 30. exf5 gxf5 31. Qd4 Qf4+ 32. Qxf4 Bh4 33. Qxh4 0-1

[Event "120th Taflfelag Reykjavik-A 2020"]
[Site "Reykjavik"]
[Date "2020.10.02"]
[Round "9.4"]
[White "Stefansson, Vignir Vatnar"]
[Black "Einarsson, Halldor Gretar"]
[Result "1-0"]
[ECO "D94"]
[WhiteElo "2301"]
[BlackElo "2258"]
[Annotator "ChessBase"]
[PlyCount "57"]
[EventDate "2020.09.13"]
[EventType "tourn"]
[EventCountry "ISL"]
[SourceTitle "playchess.com"]
[Source "ChessBase"]
[SourceQuality "1"]
[TimeControl "40/5400+15:1800+30"]

1. d4 Nf6 2. c4 g6 3. Nf3 Bg7 4. e3 O-O 5. Be2 c6 6. Nc3 d5 7. O-O Bg4 8. Qb3 b6 9. cxd5 Nxd5 10. e4 Nxc3 11. bxc3 e5 12. Ba3 Re8 13. Bc4 Bxf3 14. Bxf7+ Kh8 15. Bxe8 Qxe8 16. gxf3 Nd7 17. Rad1 Qd8 18. Qe6 exd4 19. cxd4 Qg5+ 20. Qg4 Qa5 21. Be7 Nf6 22. Bxf6 Bxf6 23. Qe6 Qg5+ 24. Kh1 Rd8 25. e5 Bg7 26. Qxc6 Rf8 27. Rg1 Qh5 28. Rg3 Bh6 29. e6 1-0

[Event "120th Taflfelag Reykjavik-A 2020"]
[Site "Reykjavik"]
[Date "2020.10.03"]
[Round "9.5"]
[White "Thorhallsson, Simon"]
[Black "Bjornsson, Sigurbjorn"]
[Result "1-0"]
[ECO "C62"]
[WhiteElo "2215"]
[BlackElo "2357"]
[Annotator "ChessBase"]
[PlyCount "68"]
[EventDate "2020.09.13"]
[EventType "tourn"]
[EventCountry "ISL"]
[SourceTitle "playchess.com"]
[Source "ChessBase"]
[SourceQuality "1"]
[TimeControl "40/5400+15:1800+30"]

1. e4 e5 2. Nf3 Nc6 3. Bb5 Nge7 4. Nc3 d6 5. d4 Bd7 6. O-O Ng6 7. Be3 Be7 8. d5 Nb8 9. Bxd7+ Nxd7 10. g3 h6 11. h4 Nf6 12. Nh2 Qd7 13. Kg2 Nh7 14. Qg4 Qxg4 15. Nxg4 h5 16. Nh2 c6 17. Rfd1 O-O 18. Nf1 Rfc8 19. Rac1 Bf8 20. f3 Nf6 21. Bf2 a6 22. Ne3 Rab8 23. a4 Ne7 24. b3 b5 25. dxc6 Rxc6 26. Rd3 g6 27. axb5 axb5 28. Ra1 Bh6 29. Ncd1 Kf8 30. c4 Nd7 31. cxb5 Rb7 32. b6 Rbxb6 33. Nc4 Rb5 34. Ra8+ Kg7 1-0